TOP OF THE 1ST |
Charlotte Knights batting - Pitching for Tacoma Rainiers : RHP Luis Castro
|
Pitching: RHP Luis Castro
|
|
Batting: RHB Jeremy Hoffert
|
0-0: Swinging Strike 0-1: Ball 1-1: Ball 2-1: Foul Ball, location: 2F 2-2: Ball 3-2: DOUBLE (Groundball, 5L, EV 103.1 MPH)
|
Batting: LHB Carlos Ramirez
|
0-0: Ball 1-0: SINGLE (Line Drive, 8RS, EV 98.1 MPH) Jeremy Hoffert to third
|
Batting: LHB Joe Kirkland
|
0-0: Fly out, F5 (Popup, 25F, EV 80.0 MPH)
|
Batting: RHB Fletcher Easter
|
0-0: Ball 1-0: Foul Ball, location: 2F 1-1: DOUBLE (Flyball, 8RXD, EV 95.6 MPH) Jeremy Hoffert scores Carlos Ramirez to third Runner from 3rd tries for Home, SAFE, throw by CF to home
|
Batting: LHB Ricardo Pagan
|
0-0: Ball 1-0: Called Strike 1-1: Called Strike 1-2: Ball 2-2: Strikes out swinging
|
Batting: RHB Vic Lucatero
|
0-0: Ball 1-0: Reached on error, E7 (Flyball, 7, EV 91.2 MPH) Fletcher Easter scores
|
Batting: RHB Micah Brown
|
0-0: Called Strike 0-1: Ball 1-1: Foul Ball, location: 2F 1-2: Ball 2-2: Ball 3-2: Fly out, F9 (Flyball, 9, EV 76.9 MPH)
|
Top of the 1st over - 3 runs, 3 hits, 1 error, 1 left on base; Charlotte 3 - Tacoma 0 |
BOTTOM OF THE 1ST |
Tacoma Rainiers batting - Pitching for Charlotte Knights : LHP Carlos Toledo
|
Pitching: LHP Carlos Toledo
|
|
Batting: RHB Rick Ellis
|
0-0: Swinging Strike 0-1: Foul Ball, location: 2F 0-2: Ball 1-2: Foul Ball, location: 2F 1-2: Strikes out swinging
|
Batting: RHB Enrique Valdez
|
0-0: Foul Ball, location: 2F 0-1: Called Strike 0-2: Ball 1-2: Strikes out swinging
|
Batting: RHB Brad Robidas
|
0-0: Foul Ball, location: 2F 0-1: Foul Ball, location: 2F 0-2: Fly out, F9 (Flyball, 9, EV 93.1 MPH)
|
Bottom of the 1st over - 0 runs, 0 hits, 0 errors, 0 left on base; Charlotte 3 - Tacoma 0 |
TOP OF THE 2ND |
Charlotte Knights batting - Pitching for Tacoma Rainiers : RHP Luis Castro
|
Batting: LHB Edgar Castillo
|
0-0: Ball 1-0: Foul Ball, location: 2F 1-1: Foul Ball, location: 2F 1-2: Strikes out looking
|
Batting: RHB Kikuo Sato
|
0-0: Swinging Strike 0-1: Ball 1-1: Foul Ball, location: 2F 1-2: Foul Ball, location: 2F 1-2: Strikes out looking
|
Batting: RHB Jeremy Hoffert
|
0-0: Foul Ball, location: 2F 0-1: Called Strike 0-2: Ball 1-2: Ball 2-2: Strikes out swinging
|
Top of the 2nd over - 0 runs, 0 hits, 0 errors, 0 left on base; Charlotte 3 - Tacoma 0 |
BOTTOM OF THE 2ND |
Tacoma Rainiers batting - Pitching for Charlotte Knights : LHP Carlos Toledo
|
Batting: RHB Josh Ruhl
|
0-0: Ball 1-0: Ball 2-0: Foul Ball, location: 2F 2-1: Foul Ball, location: 2F 2-2: Foul Ball, location: 2F 2-2: Ground out 5-3 (Groundball, 56S, EV 77.5 MPH)
|
Batting: RHB Chris Olheiser
|
0-0: Ball 1-0: Called Strike 1-1: Ball 2-1: Swinging Strike 2-2: Ball 3-2: Strikes out swinging
|
Batting: SHB Ray Skogen
|
0-0: Ball 1-0: Ball 2-0: Ball 3-0: Base on Balls
|
Batting: RHB Zach Downs
|
0-0: Ball 1-0: Foul Ball, location: 2F 1-1: Fielders Choice at 2nd, 6-4 (Groundball, 56, EV 84.4 MPH)
|
Bottom of the 2nd over - 0 runs, 0 hits, 0 errors, 1 left on base; Charlotte 3 - Tacoma 0 |
TOP OF THE 3RD |
Charlotte Knights batting - Pitching for Tacoma Rainiers : RHP Luis Castro
|
Batting: LHB Carlos Ramirez
|
0-0: Ground out 6-3 (Groundball, 6, EV 76.2 MPH)
|
Batting: LHB Joe Kirkland
|
0-0: DOUBLE (Groundball, 3L, EV 102.5 MPH)
|
Batting: RHB Fletcher Easter
|
0-0: Called Strike 0-1: Foul Ball, location: 2F 0-2: Ball 1-2: Foul Ball, location: 2F 1-2: Foul Ball, location: 2F 1-2: Ground out 5-3 (Groundball, 56, EV 98.1 MPH)
|
Batting: LHB Ricardo Pagan
|
0-0: Ball 1-0: Ball 2-0: Ball 3-0: Called Strike 3-1: Base on Balls
|
Batting: RHB Vic Lucatero
|
0-0: Ball 1-0: SINGLE (Line Drive, 9LS, EV 103.1 MPH) Joe Kirkland to third Ricardo Pagan to second
|
Batting: RHB Micah Brown
|
0-0: Ball 1-0: Fielders Choice at 2nd, 6-4 (Groundball, 6, EV 90.0 MPH)
|
Top of the 3rd over - 0 runs, 2 hits, 0 errors, 3 left on base; Charlotte 3 - Tacoma 0 |
BOTTOM OF THE 3RD |
Tacoma Rainiers batting - Pitching for Charlotte Knights : LHP Carlos Toledo
|
Batting: LHB Ryan Lowe
|
0-0: Ball 1-0: DOUBLE (Flyball, 8RXD, EV 96.9 MPH)
|
Batting: RHB Kagetoki Kawai
|
0-0: Foul Ball, location: 2F 0-1: Ball 1-1: Ball 2-1: Swinging Strike 2-2: Strikes out swinging
|
Batting: RHB Rick Ellis
|
0-0: Ball 1-0: Ball 2-0: Called Strike 2-1: Ball 3-1: Base on Balls
|
Batting: RHB Enrique Valdez
|
0-0: Called Strike 0-1: Fly out, F9 (Flyball, 9S, EV 87.5 MPH)
|
Batting: RHB Brad Robidas
|
0-0: Ball 1-0: Foul Ball, location: 2F 1-1: Ball 2-1: Ground out 1-3 (Groundball, 13S, EV 68.8 MPH)
|
Bottom of the 3rd over - 0 runs, 1 hit, 0 errors, 2 left on base; Charlotte 3 - Tacoma 0 |
TOP OF THE 4TH |
Charlotte Knights batting - Pitching for Tacoma Rainiers : RHP Luis Castro
|
Batting: LHB Edgar Castillo
|
0-0: Ball 1-0: Foul Ball, location: 2F 1-1: Foul Ball, location: 2F 1-2: Fly out, F9 (Flyball, 9D, EV 99.4 MPH)
|
Batting: RHB Kikuo Sato
|
0-0: Hit by Pitch
|
Batting: RHB Jeremy Hoffert
|
0-0: Called Strike Kikuo Sato is caught stealing 2nd base 2-4 0-1: Ball 1-1: Swinging Strike 1-2: Strikes out looking
|
Top of the 4th over - 0 runs, 0 hits, 0 errors, 0 left on base; Charlotte 3 - Tacoma 0 |
BOTTOM OF THE 4TH |
Tacoma Rainiers batting - Pitching for Charlotte Knights : LHP Carlos Toledo
|
Batting: RHB Josh Ruhl
|
0-0: Ball 1-0: Foul Ball, location: 2F 1-1: Ground out 5-3 (Groundball, 56, EV 93.1 MPH)
|
Batting: RHB Chris Olheiser
|
0-0: Ball 1-0: Ground out 5-3 (Groundball, 56, EV 106.2 MPH)
|
Batting: SHB Ray Skogen
|
0-0: Ball 1-0: Ground out 5-3 (Groundball, 56, EV 88.1 MPH)
|
Bottom of the 4th over - 0 runs, 0 hits, 0 errors, 0 left on base; Charlotte 3 - Tacoma 0 |
TOP OF THE 5TH |
Charlotte Knights batting - Pitching for Tacoma Rainiers : RHP Luis Castro
|
Batting: LHB Carlos Ramirez
|
0-0: Called Strike 0-1: Ball 1-1: Ball 2-1: Foul Ball, location: 2F 2-2: Foul Ball, location: 2F 2-2: Strikes out swinging
|
Batting: LHB Joe Kirkland
|
0-0: Ground out 4-3 (Groundball, 34, EV 93.8 MPH)
|
Batting: RHB Fletcher Easter
|
0-0: Foul Ball, location: 2F 0-1: Ball 1-1: Called Strike 1-2: Ball 2-2: Strikes out looking
|
Top of the 5th over - 0 runs, 0 hits, 0 errors, 0 left on base; Charlotte 3 - Tacoma 0 |
BOTTOM OF THE 5TH |
Tacoma Rainiers batting - Pitching for Charlotte Knights : LHP Carlos Toledo
|
Batting: RHB Zach Downs
|
0-0: Ball 1-0: Foul Ball, location: 2F 1-1: Ball 2-1: Swinging Strike 2-2: Ball 3-2: Ground out 5-3 (Groundball, 56S, EV 61.9 MPH)
|
Batting: LHB Ryan Lowe
|
0-0: Ground out 5-3 (Groundball, 56S, EV 89.4 MPH)
|
Batting: RHB Kagetoki Kawai
|
0-0: Foul Ball, location: 2F 0-1: Ball 1-1: Ball 2-1: Fly out, F7 (Flyball, 7D, EV 97.5 MPH)
|
Bottom of the 5th over - 0 runs, 0 hits, 0 errors, 0 left on base; Charlotte 3 - Tacoma 0 |
TOP OF THE 6TH |
Charlotte Knights batting - Pitching for Tacoma Rainiers : RHP Luis Castro
|
Batting: LHB Ricardo Pagan
|
0-0: Called Strike 0-1: Ground out 6-3 (Groundball, 6M, EV 103.8 MPH)
|
Batting: RHB Vic Lucatero
|
0-0: Foul Ball, location: 2F 0-1: Called Strike 0-2: Foul Ball, location: 2F 0-2: SINGLE (Line Drive, 78S, EV 105.0 MPH)
|
Batting: RHB Micah Brown
|
0-0: Ball Vic Lucatero steals 2nd base 1-0: Ball 2-0: Called Strike Vic Lucatero steals 3rd base 2-1: Ground out 6-3 (Groundball, 6, EV 93.1 MPH) Vic Lucatero scores
|
DELAY
|
Rain delay of 31 minutes in the 6th inning.
|
Pitching: RHP Bob Gilliam
|
|
Batting: LHB Edgar Castillo
|
0-0: Foul Ball, location: 2F 0-1: Ball 1-1: Ball 2-1: Foul Ball, location: 2F 2-2: Ball 3-2: Fly out, F8 (Flyball, 89S, EV 88.8 MPH)
|
Top of the 6th over - 1 run, 1 hit, 0 errors, 0 left on base; Charlotte 4 - Tacoma 0 |
BOTTOM OF THE 6TH |
Tacoma Rainiers batting - Pitching for Charlotte Knights : LHP Carlos Toledo
|
Batting: RHB Rick Ellis
|
0-0: Ground out 6-3 (Groundball, 6S, EV 68.1 MPH)
|
Batting: RHB Enrique Valdez
|
0-0: Called Strike 0-1: Ground out 5-3 (Groundball, 56, EV 88.1 MPH)
|
Batting: RHB Brad Robidas
|
0-0: SINGLE (Line Drive, 78M, EV 106.9 MPH)
|
Batting: RHB Josh Ruhl
|
0-0: Foul Ball, location: 2F 0-1: Ball 1-1: Called Strike 1-2: Ground out U3 (Groundball, 3, EV 86.9 MPH)
|
Bottom of the 6th over - 0 runs, 1 hit, 0 errors, 1 left on base; Charlotte 4 - Tacoma 0 |
TOP OF THE 7TH |
Charlotte Knights batting - Pitching for Tacoma Rainiers : RHP Bob Gilliam
|
Batting: RHB Kikuo Sato
|
0-0: Ball 1-0: Foul Ball, location: 2F 1-1: Fly out, F6 (Popup, P, EV 78.8 MPH)
|
Batting: RHB Jeremy Hoffert
|
0-0: Ball 1-0: Called Strike 1-1: Called Strike 1-2: Ball 2-2: Foul Ball, location: 2F 2-2: Strikes out looking
|
Batting: LHB Carlos Ramirez
|
0-0: Ball 1-0: Swinging Strike 1-1: Ball 2-1: Foul Ball, location: 2F 2-2: Ball 3-2: Base on Balls
|
Batting: LHB Joe Kirkland
|
0-0: Foul Ball, location: 2F 0-1: Ball 1-1: Fly out, F8 (Flyball, 8LXD, EV 105.0 MPH)
|
Top of the 7th over - 0 runs, 0 hits, 0 errors, 1 left on base; Charlotte 4 - Tacoma 0 |
BOTTOM OF THE 7TH |
Tacoma Rainiers batting - Pitching for Charlotte Knights : LHP Carlos Toledo
|
Now at 1B: Ron Johansen
|
|
Batting: RHB Chris Olheiser
|
0-0: Ball 1-0: Ball 2-0: Called Strike 2-1: Ball 3-1: Called Strike 3-2: Strikes out swinging, 2-3 out at first.
|
Pitching: RHP Matt Peck
|
|
Batting: SHB Ray Skogen
|
0-0: Ball 1-0: Ground out U3 (Groundball, 34S, EV 79.4 MPH)
|
Batting: RHB Zach Downs
|
0-0: Ball 1-0: Foul Ball, location: 2F 1-1: Foul Ball, location: 2F 1-2: DOUBLE (Line Drive, 5D, EV 95.0 MPH)
|
Batting: LHB Ryan Lowe
|
0-0: Called Strike 0-1: Ball 1-1: Swinging Strike 1-2: Ground out 6-3 (Groundball, 6, EV 80.6 MPH)
|
Bottom of the 7th over - 0 runs, 1 hit, 0 errors, 1 left on base; Charlotte 4 - Tacoma 0 |
TOP OF THE 8TH |
Charlotte Knights batting - Pitching for Tacoma Rainiers : RHP Bob Gilliam
|
Batting: RHB Fletcher Easter
|
0-0: Called Strike 0-1: Ball 1-1: Fly out, F5 (Popup, 15, EV 67.5 MPH)
|
Batting: LHB Ricardo Pagan
|
0-0: Called Strike 0-1: Ball 1-1: Ball 2-1: Foul Ball, location: 2F 2-2: Ball 3-2: Base on Balls
|
Batting: RHB Vic Lucatero
|
0-0: Called Strike 0-1: Foul Ball, location: 2F 0-2: Strikes out looking
|
Batting: RHB Micah Brown
|
0-0: Ball 1-0: Foul Ball, location: 2F 1-1: Called Strike Ricardo Pagan steals 2nd base 1-2: Foul Ball, location: 2F 1-2: Ball 2-2: Foul Ball, location: 2F 2-2: Fly out, F8 (Flyball, 8RD, EV 98.1 MPH)
|
Top of the 8th over - 0 runs, 0 hits, 0 errors, 1 left on base; Charlotte 4 - Tacoma 0 |
BOTTOM OF THE 8TH |
Tacoma Rainiers batting - Pitching for Charlotte Knights : RHP Matt Peck
|
Batting: RHB Kagetoki Kawai
|
0-0: Swinging Strike 0-1: Foul Ball, location: 2F 0-2: Ball 1-2: Ball 2-2: Foul Ball, location: 2F 2-2: Ball 3-2: Strikes out looking
|
Batting: RHB Rick Ellis
|
0-0: Ball 1-0: Foul Ball, location: 2F 1-1: Called Strike 1-2: Ground out 1-3 (Groundball, 13S, EV 74.4 MPH)
|
Batting: RHB Enrique Valdez
|
0-0: Ball 1-0: Ball 2-0: Ball 3-0: Called Strike 3-1: Called Strike 3-2: SINGLE (Line Drive, 8LS, EV 100.6 MPH)
|
Batting: RHB Brad Robidas
|
0-0: Ball 1-0: Called Strike 1-1: Ball 2-1: Ball 3-1: Fly out, F8 (Flyball, 8RD, EV 76.9 MPH)
|
Bottom of the 8th over - 0 runs, 1 hit, 0 errors, 1 left on base; Charlotte 4 - Tacoma 0 |
TOP OF THE 9TH |
Charlotte Knights batting - Pitching for Tacoma Rainiers : RHP Bob Gilliam
|
Pitching: LHP Rentaro Minami
|
|
Batting: LHB Edgar Castillo
|
0-0: Called Strike 0-1: Fly out, F9 (Flyball, 89M, EV 83.8 MPH)
|
Batting: RHB Kikuo Sato
|
0-0: Called Strike 0-1: Swinging Strike 0-2: Ball 1-2: Strikes out looking
|
Batting: RHB Jeremy Hoffert
|
0-0: Foul Ball, location: 2F 0-1: Ball 1-1: Ball 2-1: Fly out, F5 (Line Drive, 5, EV 63.8 MPH)
|
Top of the 9th over - 0 runs, 0 hits, 0 errors, 0 left on base; Charlotte 4 - Tacoma 0 |
BOTTOM OF THE 9TH |
Tacoma Rainiers batting - Pitching for Charlotte Knights : RHP Matt Peck
|
Pitching: RHP Luis Castillo
|
|
Now in RF: John Thurman
|
|
Batting: RHB Josh Ruhl
|
0-0: Ball 1-0: Foul Ball, location: 2F 1-1: Ball 2-1: Swinging Strike 2-2: Strikes out looking
|
Batting: RHB Chris Olheiser
|
0-0: Called Strike 0-1: Ball 1-1: Ball 2-1: Foul Ball, location: 2F 2-2: Ball 3-2: Strikes out swinging
|
Batting: SHB Ray Skogen
|
0-0: Ball 1-0: Swinging Strike 1-1: Ground out U3 (Groundball, 3, EV 85.6 MPH)
|
Bottom of the 9th over - 0 runs, 0 hits, 0 errors, 0 left on base; Charlotte 4 - Tacoma 0 |
|